 Dungeon Crawl Stone Soup version 0.19-a0-599-g723c685 (webtiles) character file.

99 KrisztiCat the Digger (level 4, -5/24 HPs)
             Began as a Gargoyle Earth Elementalist on June 11, 2016.
             Killed by nerve-wracking pain
             ... invoked by an orc priest
              (6 damage)
             ... on level 3 of the Dungeon.
             The game lasted 00:18:29 (1640 turns).

KrisztiCat the Digger (Gargoyle Earth Elementalist) Turns: 1640, Time: 00:18:29

Health: -5/24      AC:  6    Str: 12    XL:     4   Next: 72%
Magic:  3/9        EV: 12    Int: 16    God:
Gold:   128        SH:  0    Dex: 10    Spells: 2 memorised, 6 levels left

rFire  . . .     SeeInvis .     f - +0 whip
rCold  . . .     Gourm    .     c - +0 robe
rNeg   + . .     Faith    .     (no shield)
rPois  ∞         Spirit   .     (no helmet)
rElec  +         Dismiss  .     (no cloak)
rCorr  .         Reflect  .     i - +0 pair of gloves
SustAt .         Harm     .     (no boots)
MR     .....                    t - amulet of regeneration
Stlth  ++........               (no ring)
                                (no ring)

@: not resistant to hostile enchantments, unstealthy
A: negative energy resistance 1, electricity resistance, unbreathing,
petrification resistance, rot immunity, AC +3
a: no special abilities


You were on level 3 of the Dungeon.
You were hungry.

You visited 1 branch of the dungeon, and saw 4 of its levels.

You collected 128 gold pieces.

Inventory:

Hand Weapons
 f - a +0 whip (weapon)
 k - a +0 short sword
Missiles
 b - 38 stones (quivered)
Armour
 c - a +0 robe (worn)
 i - a +0 pair of gloves (worn)
Jewellery
 t - an amulet of regeneration (around neck)
Scrolls
 a - a scroll of amnesia {unknown}
 g - a scroll of magic mapping
 j - a scroll of identify
 n - a scroll of enchant armour {unknown}
 p - 2 scrolls of remove curse
 q - a scroll of fear {unknown}
Potions
 l - a potion of magic {unknown}
 v - a potion of brilliance {unknown}
Books
 e - a book of Geomancy

   Spells                             Type                      Level
   a - Sandblast                      Earth                        1
   b - Passwall                       Transmutation/Earth          2
   c - Stone Arrow                    Conjuration/Earth            3
   d - Petrify                        Transmutation/Earth          4
   e - Lee's Rapid Deconstruction     Earth                        5
Comestibles
 d - 3 bread rations
 m - a meat ration
 o - a beef jerky
 r - 8 chunks of flesh
 u - a slice of pizza


   Skills:
 - Level 1.5 Dodging
 - Level 2.1 Stealth
 * Level 3.8 Spellcasting
   Level 0.7 Transmutations
 + Level 4.6 Earth Magic


You had 6 spell levels left.
You knew the following spells:

 Your Spells              Type           Power        Failure   Level  Hunger
a - Sandblast             Erth           ###...       2%          1    None
b - Stone Arrow           Conj/Erth      ##....       21%         3    ###....


Dungeon Overview and Level Annotations

Branches:
Dungeon (4/15)
 Temple: D:4-7

Altars:
Fedhas
Kikubaaqudgha
Uskayaw


Innate Abilities, Weirdness & Mutations

You are resistant to torment.
Your stone body is resilient. (AC +3)
You are immune to poison.
You resist negative energy. (rN+)
You are resistant to electric shocks. (rElec)
You can survive without breathing.
You are immune to petrification.
You are immune to rotting.


Message History

The orc priest calls down the wrath of Beogh upon you.
Pain shoots through your body!
There is an open door here.
The orc priest casts a cantrip, but nothing happens.
The orc priest casts a cantrip, but nothing happens.
The orc priest invokes the aid of Beogh against you.
Beogh smites you!
The orc priest shouts!
The orc priest calls down the wrath of Beogh upon you.
Beogh smites you!
Ouch! That really hurt!
* * * LOW HITPOINT WARNING * * *
The orc priest miscasts a cantrip.
Welcome back, KrisztiCat the Gargoyle Earth Elementalist.
Press ? for a list of commands and other information.
Okay, then.
Okay, then.
The orc priest calls down the wrath of Beogh upon you.
Pain shoots through your body!
You die...

....# ##'##..##.#*,*
*,,,,,,,,, ....#
#.........**,* **,******,
....# #......###**,****,* *,
##### #.......# *,,,,,,* *, *
#.......####.,**********, *
##...........,* *,,,,,*, *
####....###*,* *,***,*, *
#...<..#*,* *,***,*, *
##########.#.@#.#*,* *,*,,,*,
*
#.......##[#....#*,****,*,*,*,
*
#.......##.#.#..#*,,,,,,,,,,*,
*
#.......##'#....#******,*,*,*,
* #.......#...#...# *,*,,,*, *
#.......'..o#...## *,*****,
#.......#[..##o..######,,,,,,,
#.......#...##........#*******
#..†....#...##....###.#


You could see 2 orc priests.

Vanquished Creatures
  An orc priest (D:3)
  2 adders
  2 worms (D:2)
  2 giant geckos
  2 orcs (D:3)
  3 giant cockroaches
  5 goblins
  4 hobgoblins
  3 jackals (D:3)
  7 kobolds
  4 bats
  2 giant newts (D:1)
  5 rats
42 creatures vanquished.

Notes
Turn   | Place    | Note
--------------------------------------------------------------
     0 | D:1      | KrisztiCat the Gargoyle Earth Elementalist began the quest for the Orb.
     0 | D:1      | Reached XP level 1. HP: 10/10 MP: 3/3
   244 | D:1      | Reached XP level 2. HP: 10/15 MP: 1/5
   710 | D:1      | Found a hide-covered altar of Uskayaw.
   809 | D:2      | Reached skill level 4 in Earth Magic
   972 | D:2      | Reached XP level 3. HP: 8/19 MP: 0/7
  1135 | D:2      | Found a blossoming altar of Fedhas.
  1136 | D:2      | Found an ancient bone altar of Kikubaaqudgha.
  1400 | D:3      | Learned a level 3 spell: Stone Arrow
  1473 | D:3      | Reached XP level 4. HP: 24/24 MP: 6/9
  1639 | D:3      | HP: 1/24 [orc priest/divine providence (14)]
  1640 | D:3      | Killed from afar by an orc priest

Vault maps used:
D:1:      sevenhm_arrival_forest_fort_small_6, minivault_11,
          columned_hall_lemuel
D:2:      grunt_temple_overflow_growth_and_decay
D:3:      first_bread
D:4:      marbit_many_paths, grunt_temple_overflow_open, kennysheep_little_box,
          uniq_crazy_yiuf_cottage

Skill      XL: |  1  2  3 |
---------------+----------+-----
Earth Magic    | 4 |  4.6
Spellcasting   | 3 |  3.8
Dodging        | |  1.5
Stealth        | |  2.1
Transmutations | |  0.7

Action                   |  1- 3 |  4- 6 || total
-------------------------+-------+-------++-------
Melee: Short sword       |    16 |     1 ||    17
       Whip              |     6 |     2 ||     8
 Cast: Sandblast         |    59 |    13 ||    72
       Stone Arrow       |       |     2 ||     2
  Use: Scroll            |       |     6 ||     6
       Potion            |       |     2 ||     2
 Stab: Sleeping          |     1 |       ||     1
  Eat: Chunk             |     2 |       ||     2
Armor: Robe              |    11 |     3 ||    14
Dodge: Dodged            |    34 |     3 ||    37
